 Dungeon Crawl Stone Soup version 0.20.1-1-g8b1a95d (webtiles) character file.

170 Stafi the Chopper (level 5, -2/46 HPs)
             Began as a Hill Orc Fighter on Sept 7, 2017.
             Was a Follower of Elyvilon.
             Killed from afar by Sigmund (8 damage)
             ... with a magic dart
             ... on level 4 of the Dungeon on Sept 24, 2017.
             The game lasted 01:01:37 (2939 turns).

Stafi the Chopper (Hill Orc Fighter)                Turns: 2939, Time: 01:01:38

Health: -2/46      AC: 13    Str: 20    XL:     5   Next: 51%
Magic:  5/5        EV:  2    Int:  8    God:    Elyvilon [*.....]
Gold:   101        SH: 14    Dex: 10    Spells: 3/4 levels left

rFire    . . .     SeeInvis .   j - +0 hand axe
rCold    . . .     Gourm    .   y - +0 large shield
rNeg     . . .     Faith    .   m - +0 plate armour
rPois    .         Spirit   .   d - +0 helmet
rElec    .         Reflect  .   (no cloak)
rCorr    .         Harm     .   (no gloves)
MR       .....                  (no boots)
Stlth    ..........             (no amulet)
Regen    0.2/turn               (no ring)
MPRegen  0.1/turn               (no ring)

@: no status effects
A: no striking features
a: Lesser Healing, Divine Protection, Renounce Religion


You were on level 4 of the Dungeon.
You worshipped Elyvilon.
Elyvilon was aware of your devotion.
You were not hungry.

You visited 1 branch of the dungeon, and saw 4 of its levels.

You collected 166 gold pieces.
You spent 65 gold pieces at shops.

Inventory:

Hand Weapons
 j - a +0 hand axe (weapon)
Missiles
 e - 15 arrows
 r - 12 poisoned needles
 u - 101 stones (quivered)
 w - 41 bolts
 C - 2 tomahawks
Armour
 c - a +0 shield
 d - a +0 helmet (worn)
 m - a +0 plate armour (worn)
 y - a +0 large shield (worn)
Jewellery
 t - a +2 ring of intelligence {unknown}
 B - an uncursed ring of poison resistance {unknown}
Wands
 z - a wand of paralysis (10/24)
Scrolls
 b - a scroll of magic mapping {unknown}
 g - 3 scrolls of remove curse
 h - a scroll of enchant armour {unknown}
 i - 4 scrolls of identify
 l - a scroll of blinking {unknown}
 q - a scroll of amnesia {unknown}
 x - 4 scrolls of enchant weapon {unknown}
Potions
 a - 2 potions of flight {unknown}
 k - 2 potions of curing {unknown}
 n - a potion of heal wounds {unknown}
 o - a potion of brilliance {unknown}
 p - a potion of haste {unknown}
 s - a potion of mutation {unknown}
 v - a potion of invisibility {unknown}
Books
 D - a book of Geomancy

   Spells                             Type                      Level
   a - Sandblast                      Earth                        1
   b - Passwall                       Transmutation/Earth          2
   c - Stone Arrow                    Conjuration/Earth            3
   d - Petrify                        Transmutation/Earth          4
   e - Lee's Rapid Deconstruction     Earth                        5
Comestibles
 f - a bread ration


   Skills:
 + Level 4.1 Fighting
 + Level 5.0 Axes
 + Level 4.0 Armour
 + Level 4.6 Shields


You had 3 spell levels left.
You knew the following spells:

 Your Spells              Type           Power        Failure   Level  Hunger
a - Sandblast             Erth           #.....       100%        1    ##.....


Dungeon Overview and Level Annotations

Branches:
Dungeon (4/15)
 Temple: D:4-7

Altars:
Cheibriados
Elyvilon
Uskayaw

Shops:
D:4 ?

Annotations:
D:4 Sigmund


Message History

The magic dart hits you!
Aiming: Paralyse (will waste charges)
Press: ? - help, Shift-Dir - straight line Nothing appears to happen.
Evoking this partially-identified wand wasted a few charges.
Sigmund appears from thin air!
Reactivating autopickup.
You block Sigmund's attack. You block Sigmund's attack.
You hit Sigmund but do no damage.
Sigmund is moderately wounded.
You hit Sigmund.
Sigmund is moderately wounded.
Sigmund gestures at you while chanting. You resist with some effort.
Your plate armour prevents you from hitting Sigmund.
Sigmund is moderately wounded.
Sigmund points at you and mumbles some strange words.
The magic dart hits you!
You die...

..........##.# #.##.#
.).....#..##.#
#######.#.#.#
#..###....##.#
#....[.###..# ...#
##.#.##.#####.#####.#.###
...# #.#........#.#
#....## #..#
#.#..#####.#.# #.####
#..........# #.#.# #.
#.####..#..# #.#.# # #.#
#.###.# #@#.# #.# #.
#.#####@..# .# #.
#....[..### #.
###..####### ##.#.#
#........... ##..
..##.#..####### ##...
#.#.#..# #...# #.....#
....# #..#.##


You could see Sigmund.

Vanquished Creatures
  A bullfrog skeleton (D:4)
  An orc priest (D:4)
  Robin (D:2)
  An adder (D:2)
  2 oozes (D:1)
  2 worms
  2 dart slugs
  4 leopard geckos
  3 orcs (D:4)
  3 ball pythons
  4 bats
  2 giant cockroaches
  7 goblins
  12 hobgoblins
  9 kobolds
  6 frilled lizards
  10 rats
  2 plants (D:1)
72 creatures vanquished.

Notes
Turn   | Place    | Note
-------+----------+-------------------------------------------
     0 | D:1      | Stafi the Hill Orc Fighter began the quest for the Orb.
     0 | D:1      | Reached XP level 1. HP: 19/19 MP: 1/1
   134 | D:1      | Reached skill level 3 in Axes
   172 | D:1      | Reached XP level 2. HP: 27/27 MP: 2/2
   255 | D:1      | Found a snail-covered altar of Cheibriados.
   540 | D:1      | Reached XP level 3. HP: 31/33 MP: 3/3
  1046 | D:2      | Noticed Robin
  1071 | D:2      | Killed Robin
  1071 | D:2      | Reached XP level 4. HP: 29/40 MP: 4/4
  1287 | D:2      | Reached skill level 4 in Axes
  1504 | D:2      | Found a hide-covered altar of Uskayaw.
  1504 | D:2      | Found a white marble altar of Elyvilon.
  1555 | D:2      | Became a worshipper of Elyvilon the Healer
  2534 | D:3      | Reached * piety under Elyvilon
  2658 | D:4      | Found Xiokhlah's Magic Scroll Shop.
  2671 | D:4      | Bought a scroll of remove curse for 39 gold pieces
  2671 | D:4      | Bought a scroll of identify for 26 gold pieces
  2742 | D:4      | Reached XP level 5. HP: 46/46 MP: 5/5
  2828 | D:4      | Learned a level 1 spell: Sandblast
  2853 | D:4      | Reached skill level 5 in Axes
  2883 | D:4      | Noticed Sigmund
  2939 | D:4      | Killed from afar by Sigmund

Skill      XL: |  1  2  3  4  5 |
---------------+----------------+-----
Axes           | 3 4 5 |  5.0
Shields        | 4 |  4.6
Fighting       | 4 |  4.1
Armour         | 4 |  4.0

Action                   |  1- 3 |  4- 6 || total
-------------------------+-------+-------++-------
Melee: War axe           |    43 |       ||    43
       Hand axe          |   125 |   227 ||   352
Evoke: Wand              |       |     1 ||     1
  Use: Potion            |     1 |       ||     1
  Eat: Chunk             |     1 |     2 ||     3
       Bread ration      |       |     1 ||     1
Armor: Scale mail        |    22 |       ||    22
       Plate armour      |    82 |   111 ||   193
Dodge: Dodged            |    35 |    18 ||    53
Block: Shield            |    89 |    35 ||   124
       Large shield      |       |    94 ||    94
